 Dungeon Crawl Stone Soup version 0.28-a0-472-g50180c0d78 (webtiles) character file.

Game seed: 11575456715908435940

5961 KennyOmg the Carver (level 10, 0/144 HPs)
             Began as a Minotaur Berserker on Sept 15, 2021.
             Was an Elder of Trog.
             Slain by an orc warrior (4 damage)
             ... in a bailey.
             The game lasted 00:11:24 (9576 turns).

KennyOmg the Carver (Minotaur Berserker)            Turns: 9576, Time: 00:11:24

Health: 0/144      AC: 19    Str: 23    XL:     10   Next: 54%
Magic:  9/9        EV: 10    Int:  7    God:    Trog [****..]
Gold:   477        SH:  0    Dex:  9    Spells: 9/9 levels left

rFire   . . .      SeeInvis .   k - +0 great sword
rCold   . . .      Faith    .   (shield currently unavailable)
rNeg    + . .      Spirit   .   z - +10 scale mail of the Equinox
rPois   .          Reflect  .   (helmet restricted)
rElec   .          Harm     .   t - +0 cloak
rCorr   .          Rampage  .   j - +1 pair of gloves
Will    .....                   (no boots)
Stlth   ..........              b - amulet of the acrobat
HPRegen 0.34/turn               y - ring of positive energy
MPRegen 0.11/turn               (no ring)

@: berserking, very quick
A: horns 2, retaliatory headbutt
a: Renounce Religion, Berserk, Trog's Hand, Brothers in Arms


You were in a bailey.
You worshipped Trog.
Trog was greatly pleased with you.
You visited 1 branch of the dungeon, and saw 9 of its levels.
You also visited: Bailey.

You collected 477 gold pieces.

Inventory:

Hand Weapons
 f - a +0 trident of protection
   (You found it on level 2 of the Dungeon)
 k - a +0 great sword (weapon)
   (You found it on level 2 of the Dungeon)
Missiles
 s - 2 throwing nets (quivered) {!f}
 A - 14 poisoned darts
Armour
 j - a +1 pair of gloves (worn)
   (You found it on level 2 of the Dungeon)
 l - a +2 robe of willpower
   (You found it on level 2 of the Dungeon)
 q - a +0 ring mail
   (You found it on level 4 of the Dungeon)
 t - a +0 cloak (worn)
   (You found it on level 5 of the Dungeon)
 z - the +10 scale mail of the Equinox (worn)
   (You found it on level 8 of the Dungeon)
Jewellery
 b - an amulet of the acrobat (around neck)
   (You found it on level 3 of the Dungeon)
 y - a ring of positive energy (left hand)
   (You found it on level 8 of the Dungeon)
Wands
 d - a wand of iceblast (26)
   (You found it on level 3 of the Dungeon)
 v - a wand of digging (4)
   (You found it on level 4 of the Dungeon)
Scrolls
 i - 2 scrolls of noise {unknown}
 m - a scroll of holy word {unknown}
 n - 3 scrolls of enchant armour {unknown}
 r - a scroll of fog {unknown}
 u - a scroll of fear
 w - a scroll of brand weapon {unknown}
 x - a scroll of enchant weapon {unknown}
Potions
 a - 2 potions of might {unknown}
 c - a potion of heal wounds {@q2}
 e - 2 potions of degeneration {!q}
 g - a potion of resistance
 o - 2 potions of lignification {!q}
 p - 2 potions of curing {@q1}


   Skills:
 + Level 11.4 Fighting
 * Level 14.3 Long Blades
 - Level 4.8(4.9) Axes
 - Level 1.3(3.3) Polearms
 + Level 2.7 Armour
 - Level 2.1 Dodging


You had 9 spell levels left.
You didn't know any spells.
Your spell library was empty.

Dungeon Overview and Level Annotations

Branches:
Dungeon (9/15)             Temple (0/1) D:6          Bailey (1/1)
   Lair: D:8-11         Orc: D:9-12

Altars:
Elyvilon
Okawaru
Uskayaw
Yredelemnul

Shops:
D:7 =


Innate Abilities, Weirdness & Mutations

You have a pair of horns on your head.
You reflexively headbutt those who attack you in melee.


Message History

The orc closely misses you. The orc misses you. The orc warrior misses you.
Things that are here:
a +0 war axe; an orc corpse You slice the orc!!
You kill the orc!
Trog accepts your kill. The orc hits you but does no damage.
The orc warrior barely misses you.
You barely miss the orc warrior. The orc misses you.
The orc warrior hits you from afar with a +0 trident.
You miss the orc warrior. Your headbutt misses the orc warrior.
The orc hits you but does no damage.
The orc warrior hits you but does no damage. x2
The orc warrior hits you with a +0 hand axe.
You miss the orc warrior. Your headbutt misses the orc warrior.
The orc hits you from afar with a +0 trident.
The orc warrior hits you from afar with a +0 trident.
* * * LOW HITPOINT WARNING * * *
The orc warrior hits you with a +0 glaive!
* * * LOW HITPOINT WARNING * * *
You slash the orc warrior! You headbutt the orc warrior.
The orc hits you but does no damage.
The orc warrior hits you from afar with a +0 trident!
* * * LOW HITPOINT WARNING * * *
The orc warrior misses you.
The orc warrior hits you with a +0 hand axe!
* * * LOW HITPOINT WARNING * * *
A red film seems to cover your vision as you go berserk!
You feel yourself moving faster!
You feel mighty! The orc barely misses you.
The orc warrior completely misses you. The orc warrior barely misses you.
You hit the orc warrior. You headbutt the orc warrior!
The orc barely misses you. The orc warrior misses you.
You barely miss the orc warrior.
The orc warrior hits you but does no damage.
The orc warrior closely misses you.
You closely miss the orc warrior. You headbutt the orc warrior.
The orc barely misses you.
The orc warrior hits you from afar with a +0 trident!
* * * LOW HITPOINT WARNING * * *
The orc warrior hits you with a +0 glaive!
* * * LOW HITPOINT WARNING * * *
You are too berserk!
You slash the orc warrior! The orc closely misses you.
The orc warrior completely misses you.
You slice the orc warrior!!
You feel the power of Trog in you as your rage grows.
You kill the orc warrior!
Trog accepts your kill.
The orc warrior hits you with a +0 hand axe.
You die...

###### ############
#.....# ##.......)∩.#
.....o.######........))..
.......#@...#.........)).
.....ooo)...'........)..∩
.....oo#)...#.........)).
......o######............
#.....# ##........∩.#
###### ############


You could see 2 orc warriors and 4 orcs.

Vanquished Creatures
  2 two-headed ogres (D:9)
  10 yaks
  A wyvern (D:7)
  A steam dragon (D:7)
  A water moccasin (D:6)
  3 black bears
  An ice beast (D:6)
  An orc warrior (Bailey)
  A necrophage (D:5)
  An ogre (D:5)
  A centaur (D:8)
  A phantom (D:6)
  5 bullfrogs
  A gnoll sergeant (D:5)
  2 scorpions
  A wyvern zombie (D:7)
  A water moccasin zombie (D:6)
  5 killer bees (D:6)
  4 wights (D:8)
  A centaur zombie (D:6)
  3 hounds
  A bullfrog skeleton (D:7)
  4 jellies
  Ijyb (D:4)
  A scorpion zombie (D:5)
  Jessica (D:3)
  A centaur skeleton (D:6)
  3 iguanas
  5 orc wizards
  A killer bee zombie (D:6)
  A hound skeleton (D:5)
  2 howler monkey zombies (D:8)
  16 gnolls
  7 adders
  A shadow imp (D:7)
  A white imp (D:7)
  2 ufetubi (D:6)
  6 dart slugs
  23 orcs
  2 endoplasms
  4 giant cockroaches
  10 goblins
  6 hobgoblins
  4 jackals (D:4)
  7 quokkas
  2 ball pythons (D:1)
  13 bats
  6 frilled lizards
  6 kobolds
  4 rats
188 creatures vanquished.

Vanquished Creatures (collateral kills)
  2 orc warriors (Bailey)
  5 orcs (Bailey)
7 creatures vanquished.

Vanquished Creatures (others)
  A bullfrog (D:7)
  13 plants (D:4)
14 creatures vanquished.

Grand Total: 209 creatures vanquished

Notes
Turn   | Place    | Note
-------+----------+-------------------------------------------
     0 | D:1      | KennyOmg the Minotaur Berserker began the quest for the
                  | Orb.
     0 | D:1      | Reached XP level 1. HP: 19/19 MP: 0/0
   476 | D:1      | Reached XP level 2. HP: 27/27 MP: 1/1
  1103 | D:1      | Reached ** piety under Trog
  1104 | D:1      | Reached XP level 3. HP: 31/33 MP: 2/2
  1678 | D:2      | Reached skill level 1 in Polearms
  2211 | D:3      | Reached skill level 1 in Long Blades
  2237 | D:3      | Reached XP level 4. HP: 41/41 MP: 3/3
  2320 | D:3      | Noticed Jessica
  2326 | D:3      | Killed Jessica
  2327 | D:3      | Reached skill level 2 in Long Blades
  2527 | D:3      | Found a hide-covered altar of Uskayaw.
  2701 | D:4      | Reached skill level 3 in Long Blades
  2701 | D:4      | Reached XP level 5. HP: 47/47 MP: 4/4
  2703 | D:4      | Reached skill level 5 in Fighting
  2721 | D:4      | Reached skill level 4 in Long Blades
  2981 | D:4      | Noticed Ijyb
  2988 | D:4      | Killed Ijyb
  2989 | D:4      | Reached XP level 6. HP: 56/56 MP: 5/5
  3592 | D:4      | Reached skill level 5 in Long Blades
  3837 | D:4      | Found a white marble altar of Elyvilon.
  4103 | D:5      | Entered Level 5 of the Dungeon
  4117 | D:5      | Reached skill level 6 in Long Blades
  4117 | D:5      | Reached XP level 7. HP: 25/64 MP: 6/6
  4121 | D:5      | Reached *** piety under Trog
  4122 | D:5      | Found an iron altar of Okawaru.
  4460 | D:5      | Reached skill level 7 in Long Blades
  4684 | D:5      | Reached skill level 8 in Long Blades
  5182 | D:5      | Reached XP level 8. HP: 71/73 MP: 7/7
  5629 | D:6      | Reached skill level 9 in Long Blades
  5808 | D:6      | Found a basalt altar of Yredelemnul.
  6078 | D:6      | Reached skill level 10 in Long Blades
  6372 | D:6      | Found a staircase to the Ecumenical Temple.
  6628 | D:7      | Reached XP level 9. HP: 50/83 MP: 8/8
  6918 | D:7      | Reached skill level 11 in Long Blades
  6977 | D:7      | Reached **** piety under Trog
  7415 | D:7      | Found Zasabist's Jewellery Shoppe.
  7536 | D:8      | Reached skill level 12 in Long Blades
  7796 | D:8      | Reached skill level 10 in Fighting
  8273 | D:8      | Reached skill level 13 in Long Blades
  8335 | D:8      | Reached XP level 10. HP: 83/94 MP: 9/9
  8619 | D:8      | Identified the +10 scale mail of the Equinox
  9085 | D:9      | Noticed a two-headed ogre
  9094 | D:9      | Killed a two-headed ogre
  9127 | D:9      | Noticed a two-headed ogre
  9132 | D:9      | Killed a two-headed ogre
  9243 | D:9      | Reached skill level 14 in Long Blades
  9268 | D:9      | Found a flagged portal.
  9289 | Bailey   | Entered a bailey
  9574 | Bailey   | HP: 3/144 [orc warrior (11)]
  9576 | Bailey   | Slain by an orc warrior

Illustrated notes

Levels and vault maps discovered:
D:1:      lemuel_arrival_funnel, layout_loops_ring, minmay_unequal
D:2:      layout_basic
D:3:      layout_rooms, mainiacjoe_overflow_alcove_2, uniq_jessica
D:4:      layout_loops_ring, nicolae_elyvilon_temple_path, uniq_ijyb
D:5:      layout_basic, okawaru_ov_weapons_minmay
D:6:      layout_cave_pools, lemuel_zombie_altar_yredelemnul,
          minmay_temple_entry_nine_rooms, kennysheep_generic_room_9
D:7:      layout_basic, serial_shops, shop, minivault_25
D:8:      layout_gridville, amcnicky_mini_corridor_feature,
          kennysheep_generic_room_12
D:9:      layout_stronghold, lightli_bailey_entry_fortress
Bailey:   bailey_polearm_5, bailey

Skill      XL: |  1  2  3  4  5  6  7  8  9 10 |
---------------+-------------------------------+-----
Axes           | 4 |  4.8
Fighting       | 4 5 6 7 9 10 11 | 11.4
Polearms       | 1 |  1.3
Long Blades    | 1 3 4 6 8 10 13 14 | 14.3
Armour         | |  2.7
Dodging        | |  2.1

Action                   |  1- 3 |  4- 6 |  7- 9 | 10-12 || total
-------------------------+-------+-------+-------+-------++-------
Melee: Hand axe          |    63 |       |       |       ||    63
       Headbutt          |    10 |    14 |    35 |    12 ||    71
       Trident           |    13 |       |       |       ||    13
       Great sword       |     9 |    82 |   203 |    53 ||   347
Invok: Berserk           |       |     3 |     3 |     4 ||    10
       Trog's Hand       |       |       |       |     2 ||     2
       Brothers in Arms  |       |       |       |     1 ||     1
  Use: Scroll            |       |       |       |     6 ||     6
 Stab: Sleeping          |       |     1 |       |       ||     1
Armor: Animal skin       |    15 |       |       |       ||    15
       Robe              |     6 |    37 |    65 |     6 ||   114
       Scale mail        |       |       |       |    22 ||    22
Dodge: Dodged            |    54 |    81 |   152 |    82 ||   369

Table legend: (Time is in decaauts)
 A = Elapsed time spent in this place.
 B = Non-inter-level travel time spent in this place.
 C = Inter-level travel time spent in this place.
 D = Time resting spent in this place.
 E = Time spent auto-exploring this place.
 F = Levels seen in this place.
 G = Mean time per level.
                   A        B        C        D        E       F      G
               +--------+--------+--------+--------+--------+-----+--------+
         Total |   9745 |   9488 |    257 |   2452 |   5555 |  10 |  974.5 |
       Dungeon |   9451 |   9194 |    257 |   2262 |   5553 |   9 | 1050.1 |
        Bailey |    293 |    293 |      0 |    190 |      2 |   1 |  293.0 |
               +--------+--------+--------+--------+--------+-----+--------+

Top non-repeatable levels by time:
     D:4: 1733 daAuts
     D:8: 1544 daAuts
     D:6: 1317 daAuts
     D:1: 1206 daAuts
     D:2: 992 daAuts
     D:5: 951 daAuts
     D:7: 878 daAuts
     D:3: 519 daAuts
     D:9: 307 daAuts
  Bailey: 293 daAuts
